 Dungeon Crawl Stone Soup version 0.31-a0-23-gcbde74481b (webtiles) character file.

Game seed: 14681296451300525655

283 pk666 the Magician (level 6, -1/32 HPs)
             Began as a Deep Elf Hedge Wizard on May 13, 2023.
             Slain by a gnoll
             ... wielding a +0 whip
             ... led by a gnoll bouda
              (8 damage)
             ... on level 3 of the Dungeon.
             The game lasted 00:07:33 (3662 turns).

pk666 the Magician (Deep Elf Hedge Wizard)          Turns: 3662, Time: 00:07:33

Health: -1/32      AC:  2    Str:  7    XL:     6   Next: 7%
Magic:  14/16      EV: 12    Int: 21    God:
Gold:   211        SH:  0    Dex: 14    Spells: 10/16 levels left

rFire   . . .        i - +2 short sword (freeze)
rCold   . . .        (no shield)
rNeg    . . .        b - +0 robe
rPois   .            c - +0 hat
rElec   .            (no cloak)
rCorr   .            (no gloves)
SInv    .            (no boots)
Will    .....        (no amulet)
Stlth   +            (no ring)
HPRegen 0.25/turn    (no ring)
MPRegen 0.15/turn

%: no passive effects
@: confused, ambrosia-drunk
A: no striking features
a: no special abilities


You were on level 3 of the Dungeon.
You visited 1 branch of the dungeon, and saw 4 of its levels.

You collected 211 gold pieces.

Inventory:

Hand Weapons
 i - a +2 short sword of freezing (weapon)
Armour
 b - a +0 robe (worn)
 c - a +0 hat (worn)
Jewellery
 a - an amulet of the acrobat
Scrolls
 e - a scroll of vulnerability {unknown}
 g - a scroll of blinking {unknown}
 h - 2 scrolls of poison {unknown}
 k - 3 scrolls of identify {unknown}
 m - a scroll of enchant weapon {unknown}
 n - 3 scrolls of enchant armour {unknown}
 o - a scroll of amnesia {unknown}
Potions
 d - a potion of magic
 f - a potion of ambrosia
 j - 2 potions of flight {unknown}
 l - a potion of resistance {unknown}
 p - a potion of degeneration {unknown}


   Skills:
 - Level 2.4 Dodging
 - Level 2.4 Stealth
 + Level 5.7 Spellcasting
 + Level 3.1 Conjurations
 - Level 1.1 Summonings
 + Level 3.0 Translocations
 * Level 2.2 Air Magic
 * Level 2.6 Poison Magic


You had 10 spell levels left.
You knew the following spells:

 Your Spells              Type           Power      Damage    Failure   Level
a - Magic Dart            Conj           76%        1d6       2%          1
b - Blink                 Tloc           36%        N/A       4%          2
c - Mephitic Cloud        Conj/Pois/Air  17%        N/A       10%         3

Your spell library contained the following spells:

 Spells                   Type           Power      Damage    Failure   Level
 Poisonous Vapours        Pois/Air       32%        N/A       5%          2
 Sting                    Tmut/Pois      44%        1d5       6%          1
 Cigotuvi's Dreadful Rot  Necr/Pois/Air  24%        N/A       8%          2
 Slow                     Hex            24%        N/A       10%         1
 Call Imp                 Summ           20%        N/A       10%         2
 Vhi's Electric Charge    Tloc/Air       34%        N/A       10%         3
 Olgreb's Toxic Radiance  Pois           17%        N/A       32%         4
 Arcjolt                  Conj/Air       8%         1d18      67%         5
 Maxwell's Capacitive Co  Air            7%         ∞         100%        8


Dungeon Overview and Level Annotations

Branches:
Dungeon (4/15)
 Temple: D:4-7

Altars:
Dithmenos
Fedhas
Yredelemnul
The Shining One


Message History

The gnoll bouda barely misses you.
The gnoll bouda gazes fiercely through you!
You feel your attacks grow feeble.
Casting: Magic Dart (safe; 2% risk of failure)
Confirm with . or Enter, or press ? or * to list all spells.
Aiming: Magic Dart (safe; 2% risk of failure)
Press: ? - help, Shift-Dir - straight line, f/p - gnoll bouda
Aim: a gnoll bouda, wielding a +0 whip and wearing a +0 robe (almost dead, 100% to hit)
The magic dart hits the gnoll bouda.
You kill the gnoll bouda!
The gnoll misses you.
You have reached level 6!
Your attacks no longer feel as feeble.
The gnoll hits you with a +0 whip.
* * * LOW HITPOINT WARNING * * *
The gnoll attacks as you move away! The gnoll misses you.
Casting: Magic Dart (safe; 2% risk of failure)
Confirm with . or Enter, or press ? or * to list all spells.
Aiming: Magic Dart (safe; 2% risk of failure)
Press: ? - help, Shift-Dir - straight line, f - gnoll
Aim: a gnoll, wielding a +0 whip (covering ground quickly, 100% to hit)
The magic dart hits the gnoll.
The gnoll is lightly wounded.
The gnoll barely misses you.
Casting: Magic Dart (safe; 2% risk of failure)
Confirm with . or Enter, or press ? or * to list all spells.
Aiming: Magic Dart (safe; 2% risk of failure)
Press: ? - help, Shift-Dir - straight line, f/p - gnoll
Aim: a gnoll, wielding a +0 whip (lightly wounded, covering ground quickly, 100% to hit)
The magic dart hits the gnoll.
The gnoll is moderately wounded.
The gnoll completely misses you.
You hit the gnoll. You freeze the gnoll.
The gnoll is heavily wounded.
The gnoll hits you with a +0 whip!
* * * LOW HITPOINT WARNING * * *
It was a potion of ambrosia.
You are confused.
You feel invigorated. The gnoll hits you with a +0 whip!
You die...

#.##....#.......# #.....#
#.##.#..####.#### ####.##
#....#### #.# #.# ####.# #.#
##'## ####.# #.# ##...## .....#
#.#### ##.....## #.##.# #.##.##
##.......##
..)#.#######.#...####.........###
#..........)...g@...'.........+.(
##...#######.#...####.........###
#.#### #.##.## ##.......## .##
##.#### ##.....## .# #...#
##...## .# #...# ##+## .#
####...######## #.# .#
#.[...........####.##### .#
#..(........#.#........#


You could see a gnoll (swift).

Vanquished Creatures
  Sigmund (D:3)
  A gnoll bouda (D:3)
  4 gnolls
  2 adders (D:2)
  An orc (D:3)
  5 endoplasms
  A giant cockroach (D:3)
  2 goblins (D:1)
  5 hobgoblins
  2 quokkas
  5 ball pythons
  2 bats
  2 frilled lizards (D:1)
  7 kobolds
  5 rats
45 creatures vanquished.

Notes
Turn   | Place    | Note
-------+----------+-------------------------------------------
     0 | D:1      | pk666 the Deep Elf Hedge Wizard began the quest for the
                  | Orb.
     0 | D:1      | Reached XP level 1. HP: 10/10 MP: 7/7
   275 | D:1      | Reached XP level 2. HP: 14/15 MP: 3/9
   816 | D:2      | Learned a level 2 spell: Blink
   921 | D:2      | Reached XP level 3. HP: 19/19 MP: 7/11
   976 | D:2      | Reached skill level 5 in Spellcasting
  1840 | D:3      | Identified the +8 hand axe "Pocrueto" {antimagic, rPois
                  | Str+2}
  1845 | D:3      | Found a blossoming altar of Fedhas.
  1858 | D:3      | Learned a level 3 spell: Mephitic Cloud
  2029 | D:3      | Found a glowing golden altar of the Shining One.
  2107 | D:3      | Noticed Sigmund
  2117 | D:3      | Killed Sigmund
  2118 | D:3      | Reached skill level 1 in Air Magic
  2118 | D:3      | Reached XP level 4. HP: 6/24 MP: 2/13
  2118 | D:3      | Reached XP level 5. HP: 7/28 MP: 2/15
  2281 | D:3      | Found a basalt altar of Yredelemnul.
  2284 | D:3      | Noticed a profane servitor
  2558 | D:3      | Found a faded altar of an unknown god.
  2700 | D:3      | Found a shadowy altar of Dithmenos.
  3655 | D:3      | Reached XP level 6. HP: 12/32 MP: 11/16
  3661 | D:3      | HP: 1/32 [gnoll/+0 whip[a gnoll bouda] (8)]
  3662 | D:3      | Slain by a gnoll

Illustrated notes

Levels and vault maps discovered:
D:1:      dpeg_arrival_three_same_balls, layout_rooms
D:2:      layout_loops_ring
D:3:      layout_loops_corners, grunt_temple_overflow_holy_war, fedhas_altar_3,
          mainiacjoe_overflow_alcove_1, ebering_ecumenical_altar_box,
          hangedman_abyss_or_decor_stabs, uniq_sigmund
D:4:      layout_gridville, uniq_duvessa

Skill      XL: |  1  2  3  4  5 |
---------------+----------------+-----
Conjurations   | 2 3 |  3.1
Translocations | 2 3 |  3.0
Spellcasting   | 5 |  5.7
Air Magic      | 1 2 |  2.2
Poison Magic   | 2 |  2.6
Dodging        | |  2.4
Stealth        | |  2.4
Summonings     | |  1.1

Action                     |  1- 3 |  4- 6 || total
---------------------------+-------+-------++-------
  Melee: Dagger            |     4 |       ||     4
         Short sword       |       |     6 ||     6
   Cast: Magic Dart        |    92 |    51 ||   143
         Blink             |       |     1 ||     1
    Use: Potion            |       |     1 ||     1
 Armour: Robe              |     2 |       ||     2
  Dodge: Dodged            |    19 |    12 ||    31

Table legend: (Time is in decaauts)
 A = Elapsed time spent in this place.
 B = Non-inter-level travel time spent in this place.
 C = Inter-level travel time spent in this place.
 D = Time resting spent in this place.
 E = Time spent auto-exploring this place.
 F = Levels seen in this place.
 G = Mean time per level.
                   A        B        C        D        E       F      G
               +--------+--------+--------+--------+--------+-----+--------+
         Total |   3666 |   3198 |    468 |    600 |   2209 |   4 |  916.5 |
       Dungeon |   3666 |   3198 |    468 |    600 |   2209 |   4 |  916.5 |
               +--------+--------+--------+--------+--------+-----+--------+

Top non-repeatable levels by time:
     D:3: 1691 daAuts
     D:2: 1051 daAuts
     D:1: 777 daAuts
     D:4: 145 daAuts
